 Dungeon Crawl Stone Soup version 0.25-a0-860-gf695395b5c (webtiles) character file.

Game seed: 1802289966367739670, levelgen mode: deterministic

56 Gumption the Shield-Bearer (level 3, 0/24 HPs)
             Began as a Gargoyle Fighter on Apr 29, 2020.
             Slain by an orc wizard
             ... wielding a +0 dagger
              (1 damage)
             ... on level 3 of the Dungeon.
             The game lasted 00:12:14 (1565 turns).

Gumption the Shield-Bearer (Gargoyle Fighter)       Turns: 1565, Time: 00:12:14

Health: 0/24       AC: 10    Str: 20    XL:     3   Next: 95%
Magic:  3/3        EV:  7    Int:  8    God:
Gold:   87         SH:  9    Dex:  9    Spells: 2/2 levels left

rFire    . . .     SeeInvis .   a - +0 flail
rCold    . . .     Gourm    .   c - +0 kite shield
rNeg     + . .     Faith    .   b - +0 scale mail
rPois    ∞         Spirit   .   (no helmet)
rElec    +         Reflect  .   (no cloak)
rCorr    +         Harm     .   (no gloves)
MR       .....                  (no boots)
Stlth    ..........             (no amulet)
HPRegen  0.08/turn              k - ring of resist corrosion
MPRegen  0.08/turn              (no ring)

@: no status effects
A: negative energy resistance 1, electricity resistance, unbreathing,
petrification resistance, rot immunity, AC +3
a: no special abilities


You were on level 3 of the Dungeon.
You were hungry.

You visited 1 branch of the dungeon, and saw 3 of its levels.

You collected 87 gold pieces.

Inventory:

Hand Weapons
 a - a +0 flail (weapon)
 i - a +0 hunting sling
Missiles
 j - 76 stones
 l - 16 sling bullets
 n - 21 poisoned darts (quivered)
Armour
 b - a +0 scale mail (worn)
 c - a +0 kite shield (worn)
 q - a +0 chain mail
Jewellery
 k - a ring of resist corrosion (left hand)
 p - an uncursed amulet of regeneration {unknown}
Scrolls
 f - a scroll of identify
 g - a scroll of teleportation {unknown}
 h - a scroll of enchant weapon {unknown}
 m - 2 scrolls of remove curse {unknown}
Potions
 d - 2 potions of might
 o - a potion of flight
Comestibles
 e - 5 rations


   Skills:
 + Level 3.7 Fighting
 * Level 2.8 Maces & Flails
 + Level 3.6 Armour
 * Level 4.0 Shields


You had 2 spell levels left.
You didn't know any spells.
Your spell library was empty.

Dungeon Overview and Level Annotations

Branches:
Dungeon (3/15)

Altars:
Uskayaw


Innate Abilities, Weirdness & Mutations

You are resistant to torment.
Your stone body is resilient. (AC +3)
You are immune to poison.
You resist negative energy. (rN+)
You are resistant to electric shocks. (rElec)
You can survive without breathing.
You are immune to petrification.
You are immune to rotting.


Message History

A magic dart appears from out of thin air!
The magic dart hits you.
* * * LOW HITPOINT WARNING * * *
You miss something. Something hits you.
* * * LOW HITPOINT WARNING * * *
You miss something. Something hits you but does no damage.
You miss something.
You are feeling hungry.
You hear some strange, mumbled words.
Something tries to affect you, but you resist.
You hear some strange, mumbled words.
A puff of flame appears from out of thin air!
The puff of flame hits you but does no damage.
You closely miss something.
You hear some strange, mumbled words.
A puff of flame appears from out of thin air!
The puff of flame hits you.
* * * LOW HITPOINT WARNING * * *
You barely miss something. Something hits you.
You die...

#..# #..# #..#
#..# #..#########
##.........#
#.)..####. ####.#
#@#
...######{####.##
_..(..o..o......#
.o.#.####.####.##
#.# #.# ..# ...
###


You could see an orc.

Vanquished Creatures
  An ooze (D:2)
  A leopard gecko (D:2)
  4 orcs (D:3)
  6 bats
  3 giant cockroaches
  6 goblins
  6 hobgoblins
  5 kobolds
  2 ball pythons
  4 frilled lizards
  6 rats
44 creatures vanquished.

Notes
Turn   | Place    | Note
-------+----------+-------------------------------------------
     0 | D:1      | Gumption the Gargoyle Fighter began the quest for the Orb.
     0 | D:1      | Reached XP level 1. HP: 14/14 MP: 1/1
   293 | D:1      | Reached XP level 2. HP: 19/19 MP: 2/2
   791 | D:2      | Reached XP level 3. HP: 23/23 MP: 3/3
  1436 | D:3      | Reached skill level 4 in Shields
  1516 | D:3      | Found a hide-covered altar of Uskayaw.
  1564 | D:3      | HP: 1/24 [something/puff of flame (5)]
  1565 | D:3      | Slain by an orc wizard

Levels and vault maps discovered:
D:1:      eino_arrival_cavern_a, layout_loops_ring
D:2:      layout_rooms, first_ration
D:3:      layout_loops_ring, marbit_many_paths, lemuel_coloured_pillars_altar,
          nicolae_overflow_crystal_walls

Skill      XL: |  1  2  3 |
---------------+----------+-----
Shields        | 4 |  4.0
Fighting       | |  3.7
Maces & Flails | |  2.8
Armour         | |  3.6

Action                   || total
-------------------------++-------
Melee: Flail             ||   172
Throw: Stone             ||    28
       Dart              ||     5
  Use: Scroll            ||     2
  Eat: Chunk             ||     2
Armor: Scale mail        ||    76
Dodge: Dodged            ||    34
Block: Kite shield       ||    83

Table legend:
 A = Non-vault XP
 B = Vault XP
 C = Vault XP percentage of total XP
 D = Non-vault monster count
 E = Vault monster count
 F = Vault count percentage of total count
                 A         B        C        D         E       F
            +---------+---------+-------+---------+---------+-------
      Total |      80 |       0 |   0.0 |      44 |       0 |   0.0
            +---------+---------+-------+---------+---------+-------
        D:1 |      33 |       0 |   0.0 |      20 |       0 |   0.0
        D:2 |      27 |       0 |   0.0 |      15 |       0 |   0.0
        D:3 |      20 |       0 |   0.0 |       9 |       0 |   0.0
            +---------+---------+-------+---------+---------+-------
